 Dungeon Crawl Stone Soup version 0.27-a0-1149-g4505690ab0 (webtiles) character file.

Game seed: 18200605828096656952

73 riro the Digger (level 4, 0/24 HPs)
             Began as a Gargoyle Earth Elementalist on May 13, 2021.
             Slain by a scorpion (6 damage)
             ... on level 4 of the Dungeon.
             The game lasted 00:03:13 (1384 turns).

riro the Digger (Gargoyle Earth Elementalist)       Turns: 1384, Time: 00:03:13

Health: 0/24       AC:  5    Str: 11    XL:     4   Next: 27%
Magic:  0/8        EV: 11    Int: 17    God:
Gold:   102        SH:  0    Dex: 10    Spells: 5/9 levels left

rFire    . . .     SeeInvis .   d - +0 dagger
rCold    . . .     Faith    .   (no shield)
rNeg     + . .     Spirit   .   c - +0 robe
rPois    ∞         Reflect  .   (no helmet)
rElec    +         Harm     .   (no cloak)
rCorr    .         Rampage  .   (no gloves)
Will     .....                  (no boots)
Stlth    ++........             (no amulet)
HPRegen  0.08/turn              (no ring)
MPRegen  0.11/turn              (no ring)

@: no status effects
A: sickness immunity, AC +3, negative energy resistance 1, electricity
resistance, torment resistance 1, petrification resistance
a: no special abilities


You were on level 4 of the Dungeon.
You visited 1 branch of the dungeon, and saw 3 of its levels.

You collected 102 gold pieces.

Inventory:

Hand Weapons
 d - a +0 dagger (weapon)
Missiles
 b - 38 stones
Armour
 c - a +0 robe (worn)
Scrolls
 a - a scroll of amnesia
 e - a scroll of identify


   Skills:
 - Level 1.5 Dodging
 - Level 2.1 Stealth
 + Level 3.0 Spellcasting
 + Level 1.4 Conjurations
 - Level 0.7 Transmutations
 + Level 4.8 Earth Magic


You had 5 spell levels left.
You knew the following spells:

 Your Spells              Type           Power      Damage    Failure   Level
a - Sandblast             Erth           36%        2d10      2%          1
b - Stone Arrow           Conj/Erth      26%        3d8       14%         3

Your spell library contained the following spells:

 Spells                   Type           Power      Damage    Failure   Level
 Passwall                 Tmut/Erth      9%         N/A       9%          2
 Corona                   Hex            2%         N/A       17%         1
 Ensorcelled Hibernation  Hex/Ice        4%         N/A       26%         2
 Dazzling Flash           Conj/Hex       8%         N/A       36%         3
 Confusing Touch          Hex            2%         N/A       45%         3
 Tukima's Dance           Hex            2%         N/A       45%         3
 Petrify                  Tmut/Erth      11%        N/A       50%         4
 Lee's Rapid Deconstruct  Erth           9%         3d8*      56%         5


Dungeon Overview and Level Annotations

Branches:
Dungeon (2/15)

Altars:


Innate Abilities, Weirdness & Mutations

You are immune to sickness and miasma.
Your stone body is resilient. (AC +3)
You are immune to poison.
You resist negative energy. (rN+)
You are resistant to electric shocks. (rElec)
You are resistant to unholy torment.
You are immune to petrification.


Message History

The blast of sand hits the scorpion!
The scorpion is severely wounded.
The scorpion barely misses you. The scorpion stings you!
Unknown command.
Unknown command.
Casting: Sandblast (safe; 2% risk of failure)
Confirm with . or Enter, or press ? or * to list all spells.
You don't have enough magic to cast this spell.
Unknown command.
The scorpion stings you but does no damage.
The scorpion closely misses you.
Casting: Sandblast (safe; 2% risk of failure)
Confirm with . or Enter, or press ? or * to list all spells.
Aiming: Sandblast (safe; 2% risk of failure)
Press: ? - help, Shift-Dir - straight line, f/p - scorpion
Aim: a scorpion (heavily wounded, 79% to hit)
The blast of sand hits the scorpion!
The scorpion is almost dead.
The scorpion misses you.
Unknown command.
The scorpion barely misses you.
An orc comes into view. It is wielding a +0 short sword.
The orc shouts!
The scorpion stings you.
Casting: Sandblast (safe; 2% risk of failure)
Confirm with . or Enter, or press ? or * to list all spells.
You don't know that spell.
Casting: Sandblast (safe; 2% risk of failure)
Confirm with . or Enter, or press ? or * to list all spells.
Aiming: Sandblast (safe; 2% risk of failure)
Press: ? - help, Shift-Dir - straight line, f/p - scorpion
Aim: a scorpion (almost dead, 79% to hit)
The blast of sand misses the scorpion.
The scorpion barely misses you. The scorpion stings you.
The orc hits you with a +0 short sword.
* * * LOW HITPOINT WARNING * * *
Unknown command.
You aren't carrying any potions.
Unknown command.
The scorpion stings you.
You die...

.. ##### #.## ######... ..#
#...##.#####.######.#
####..........#........#
###.............#.#####..#
##.........#.....#######.##
##..........###.#......##.######
#....#...>...#.@#......#..##...#
##....#.......#..s......#.>#....#
#..##...........o....##....#.....
#.....................#..#.......
#...##########.......##..#...##..
....# #...............###† .##.#
..................... ....#
...................... ....#
..................!...


You could see a scorpion and an orc.

Vanquished Creatures
  A centaur skeleton (D:4)
  An adder (D:4)
  A worm (D:4)
  A dart slug (D:1)
  6 bats
  3 endoplasms
  A giant cockroach (D:4)
  3 goblins
  3 hobgoblins
  3 jackals (D:1)
  A quokka (D:1)
  2 ball pythons (D:1)
  2 kobolds (D:1)
  3 rats (D:1)
31 creatures vanquished.

Notes
Turn   | Place    | Note
-------+----------+-------------------------------------------
     0 | D:1      | riro the Gargoyle Earth Elementalist began the quest for
                  | the Orb.
     0 | D:1      | Reached XP level 1. HP: 10/10 MP: 3/3
   264 | D:1      | Reached skill level 4 in Earth Magic
   264 | D:1      | Reached XP level 2. HP: 13/15 MP: 0/5
   872 | D:1      | Reached XP level 3. HP: 14/19 MP: 4/6
   876 | D:1      | Learned a level 3 spell: Stone Arrow
  1171 | D:2      | You fall into a shaft and drop 2 floors!
  1349 | D:4      | Reached skill level 1 in Conjurations
  1349 | D:4      | Reached XP level 4. HP: 24/24 MP: 4/8
  1360 | D:4      | Noticed a scorpion
  1384 | D:4      | Slain by a scorpion

Illustrated notes

Levels and vault maps discovered:
D:1:      eino_arrival_cavern_a, layout_loops_ring, minmay_tetromino_i2
D:2:      layout_rooms, ebering_ecumenical_altar_box, basic_altar,
          uniq_crazy_yiuf_cottage
D:4:      layout_cave_pools, minmay_temple_entry_stoned_glass,
          grunt_decor_fettered, chequers_jeans, grunt_ministairs_6

Skill      XL: |  1  2  3 |
---------------+----------+-----
Earth Magic    | 4 |  4.8
Spellcasting   | 3 |  3.0
Conjurations   | 1 |  1.4
Dodging        | |  1.5
Stealth        | |  2.1
Transmutations | |  0.7

Action                   |  1- 3 |  4- 6 || total
-------------------------+-------+-------++-------
Melee: Dagger            |    70 |       ||    70
 Cast: Sandblast         |    24 |     8 ||    32
  Use: Scroll            |     3 |     1 ||     4
 Stab: Sleeping          |     3 |       ||     3
Armor: Robe              |    51 |     1 ||    52
Dodge: Dodged            |    72 |     7 ||    79

Table legend: (Time is in decaauts)
 A = Elapsed time spent in this place.
 B = Non-inter-level travel time spent in this place.
 C = Inter-level travel time spent in this place.
 D = Time resting spent in this place.
 E = Time spent auto-exploring this place.
 F = Levels seen in this place.
 G = Mean time per level.
                   A        B        C        D        E       F      G
               +--------+--------+--------+--------+--------+-----+--------+
         Total |   1383 |   1339 |     44 |    131 |    935 |   3 |  461.0 |
       Dungeon |   1383 |   1339 |     44 |    131 |    935 |   3 |  461.0 |
               +--------+--------+--------+--------+--------+-----+--------+

Top non-repeatable levels by time:
     D:1: 1164 daAuts
     D:4: 212 daAuts
     D:2: 5 daAuts
